 Dungeon Crawl Stone Soup version 0.20-a0-204-ge9bc5e3 (webtiles) character file.

65 Jraekied the Slasher (level 3, 0/29 HPs)
             Began as a Demonspawn Gladiator on Nov 24, 2016.
             Killed by nerve-wracking pain
             ... invoked by Jessica
              (5 damage)
             ... on level 2 of the Dungeon.
             The game lasted 00:04:08 (1370 turns).

Jraekied the Slasher (Demonspawn Gladiator)         Turns: 1370, Time: 00:04:08

Health: 0/29       AC: 14    Str: 16    XL:     3   Next: 94%
Magic:  12/12      EV: 12    Int:  9    God:
Gold:   55         SH:  0    Dex: 13    Spells: 2/2 levels left

rFire  . . .     SeeInvis .     b - -3 hunting sling (curse)
rCold  . . .     Gourm    .     k - +0 leather armour
rNeg   . . .     Faith    .     (no shield)
rPois  .         Spirit   .     c - +0 helmet
rElec  .         Reflect  .     (no cloak)
rCorr  .         Harm     .     e - +0 pair of gloves
MR     .....                    (no boots)
Stlth  +.........               (no amulet)
                                (no ring)
                                g - ring of magical power

@: sanguine armour, invisible
A: sanguine armour 2
a: no special abilities


You were on level 2 of the Dungeon.
You were near starving.

You visited 1 branch of the dungeon, and saw 2 of its levels.

You collected 55 gold pieces.

Inventory:

Hand Weapons
 a - a +0 long sword
 b - a cursed -3 hunting sling (weapon)
Missiles
 d - 3 throwing nets
 l - 4 sling bullets (quivered)
Armour
 c - a +0 helmet (worn)
 e - a +0 pair of gloves (worn)
 k - a +0 leather armour (worn)
Jewellery
 g - a ring of magical power (left hand)
 j - an uncursed ring of magical power
Scrolls
 i - 2 scrolls of magic mapping
Comestibles
 f - 3 bread rations


   Skills:
 + Level 3.3 Fighting
 + Level 3.6 Long Blades
 - Level 1.7 Throwing
 - Level 2.6 Dodging


You had 2 spell levels left.
You didn't know any spells.

Dungeon Overview and Level Annotations

Branches:
Dungeon (2/15)

Altars:

Annotations:
D:2 Jessica


Innate Abilities, Weirdness & Mutations

When seriously injured, your bleeding wounds create thick armour. (AC +9)


Message History

Jessica gestures at you while chanting. Pain shoots through your body!
Your blood congeals into armour.
Jessica says, "I'm really upset."
Jessica gestures at you while chanting. You resist with some effort.
Firing (i - inventory. (,) - cycle):
l - 5 sling bullets (quivered)
Press: ? - help, Shift-Dir - straight line, f/p - Jessica
Aim: Jessica, wearing a robe (fast)
You shoot a sling bullet.
The sling bullet closely misses Jessica.
Jessica shouts, "You're disturbing me!
I'll have to kill you!" Jessica casts a spell at you.
Pain shoots through your body!
* * * LOW HITPOINT WARNING * * *
You are too injured to fight recklessly!
It was a potion of invisibility.
You fade into invisibility!
Jessica gestures at you while chanting. Pain shoots through your body!
You die...

..#####.#.....##....#.*,,,,***,,,
..### #.#.............,,,,,* **+*
....###.#.....##....#,*,,,,****,*
........#...........#,#.**,,,,,,*
........###.#.......#...**,,,,,,*
............#...........**,,,,,,*
......#.....#...........**,,,,,,*
......#.....#...........**,****,*
............#...@...((.(,,,,,,,,,
............####.((((..(,,,*##*,*
.#####...####**#..@..(#.,,,*...,#
'## #......,,,...#(..#,,,,*....#
..# #.......,,...#.(.#.........#
..#**##...........#,.(#..........
..##........#######,,.#........##
..................,,,.........#*#
.......#*#.......#######......###


You could see Jessica.

Vanquished Creatures
  2 adders (D:2)
  A worm (D:2)
  A dart slug (D:1)
  3 leopard geckos
  6 goblins
  5 hobgoblins
  6 jackals (D:2)
  5 kobolds
  2 bats (D:1)
  5 frilled lizards
  A rat (D:1)
37 creatures vanquished.

Vanquished Creatures (others)
  A ball python (D:1)
1 creature vanquished.

Grand Total: 38 creatures vanquished

Notes
Turn   | Place    | Note
-------+----------+-------------------------------------------
     0 | D:1      | Jraekied the Demonspawn Gladiator began the quest for the Orb.
     0 | D:1      | Reached XP level 1. HP: 16/16 MP: 1/1
     0 | D:1      | Noticed an orb of fire
     0 | D:1      | Noticed a shadow dragon
     1 | D:1      | Noticed a shadow dragon
     1 | D:1      | Noticed a shadow dragon
     6 | D:1      | Noticed a shadow dragon
     9 | D:1      | Noticed an iron dragon
    11 | D:1      | Noticed an orb of fire
    11 | D:1      | Noticed a large abomination
    15 | D:1      | Noticed an iron dragon
    15 | D:1      | Noticed an ice dragon
    17 | D:1      | Noticed a large abomination
    17 | D:1      | Noticed an orb of fire
    17 | D:1      | Noticed an ice dragon
    19 | D:1      | Noticed an ice dragon
    19 | D:1      | Noticed a large abomination
    21 | D:1      | Noticed a purple draconian
    58 | D:1      | Gained mutation: When seriously injured, your bleeding wounds create armour. (AC +9) [demonic ancestry]
    58 | D:1      | Reached XP level 2. HP: 20/23 MP: 2/2
   653 | D:2      | Gained mutation: When seriously injured, your bleeding wounds create thick armour. (AC +9) [demonic ancestry]
   653 | D:2      | Reached XP level 3. HP: 26/28 MP: 2/3
  1358 | D:2      | Noticed Jessica
  1370 | D:2      | Killed from afar by Jessica

Vault maps used:
D:1:      shiori_arrival_whats_in_store_for_you, lemuel_old_faithful
D:2:      uniq_iyjb, uniq_jessica

Skill      XL: |  1  2  3 |
---------------+----------+-----
Long Blades    | 3 |  3.6
Fighting       | 3 |  3.3
Throwing       | |  1.7
Dodging        | |  2.6

Action                   || total
-------------------------++-------
Melee: Long sword        ||    87
 Fire: Hunting sling     ||    28
  Use: Scroll            ||     1
       Potion            ||     1
Armor: Leather armour    ||    21
Dodge: Dodged            ||    69
       Rpst.: Long sword ||    25
